 Dungeon Crawl Stone Soup version 0.22.0 (webtiles) character file.

299 Htamos the Magician (level 6, -6/45 HPs)
             Began as a Centaur Wizard on Aug 12, 2018.
             Mangled by Grinder (11 damage)
             ... while paralysed by Grinder
             ... on level 3 of the Dungeon.
             The game lasted 00:14:19 (6666 turns).

Htamos the Magician (Centaur Wizard)                Turns: 6666, Time: 00:14:20

Health: -6/45      AC:  5    Str: 10    XL:     6   Next: 13%
Magic:  8/12       EV:  1    Int: 24    God:
Gold:   210        SH:  0    Dex:  7    Spells: 5/14 levels left

rFire    . . .     SeeInvis .   l - +0 dagger
rCold    . . .     Gourm    .   (no shield)
rNeg     . . .     Faith    .   a - +0 robe
rPois    .         Spirit   .   b - +0 hat
rElec    .         Reflect  .   c - +0 cloak
rCorr    .         Harm     .   (no gloves)
MR       .....                  (no barding)
Stlth    +.........             (no amulet)
HPRegen  0.15/turn              (no ring)
MPRegen  0.13/turn              (no ring)

@: paralysed, brilliant, very quick
A: large, hooves 3, deformed body, speed 2, tough skin 3
a: no special abilities


You were on level 3 of the Dungeon.
You were hungry.

You visited 1 branch of the dungeon, and saw 4 of its levels.

You collected 210 gold pieces.

Inventory:

Hand Weapons
 k - a +0 long sword
 l - a +0 dagger (weapon)
Missiles
 j - 14 arrows
Armour
 a - a +0 robe (worn)
 b - a +0 hat (worn)
 c - a +0 cloak (worn)
 o - a +0 leather armour
Jewellery
 m - an uncursed ring of see invisible {unknown}
 u - an uncursed ring of stealth {unknown}
Scrolls
 e - 3 scrolls of blinking
 f - a scroll of magic mapping {unknown}
 h - a scroll of teleportation {unknown}
 r - a scroll of enchant weapon {unknown}
 s - a scroll of fog
 t - a scroll of amnesia {unknown}
Potions
 g - a potion of mutation
 p - a potion of magic
Comestibles
 d - 5 rations


   Skills:
 - Level 1.4 Dodging
 - Level 1.1 Stealth
 * Level 4.6 Spellcasting
 + Level 3.1 Conjurations
   Level 0.8 Summonings
 - Level 0.8 Translocations


You had 5 spell levels left.
You knew the following spells:

 Your Spells              Type           Power        Failure   Level  Hunger
a - Magic Dart            Conj           ####         1%          1    None
b - Blink                 Tloc           N/A          1%          2    None
c - Conjure Flame         Conj/Fire      ####....     1%          3    ##.....
d - Mephitic Cloud        Conj/Pois/Air  ####....     2%          3    ##.....

Your spell library contained the following spells:

 Spells                   Type           Power        Failure   Level  Hunger
 Slow                     Hex            ###.....     1%          2    None
 Call Imp                 Summ           ###.....     1%          2    None


Dungeon Overview and Level Annotations

Branches:
Dungeon (4/15)
 Temple: D:4-7

Altars:
Hepliaklqana
Kikubaaqudgha

Annotations:
D:2 exclusion: 2 downstairs
D:3 Grinder


Innate Abilities, Weirdness & Mutations

You have hooves in place of feet.
Armour fits poorly on your strangely shaped body.
You cover ground very quickly.
You have extremely tough skin. (AC +3)


Message History

Confirm with . or Enter, or press ? or * to list all spells.
Aiming: Magic Dart (safe; 3% risk of failure)
Press: ? - help, Shift-Dir - straight line, f - Grinder
Aim: Grinder The magic dart hits Grinder.
Grinder is lightly wounded.
Grinder closely misses you.
Grinder blinks!
Grinder hits you but does no damage.
Grinder says, "I used to sell toenails on the black market."
Grinder gestures at you. Pain shoots through your body!
* * * LOW HITPOINT WARNING * * *
Grinder blinks!
It was a potion of brilliance.
You feel clever all of a sudden. Grinder gestures at you.
You suddenly lose the ability to move!
Grinder hits you!
You die...

## #.#.#.# #..#...#.........
#.#.#.#####..#...#.........
#........##..#.............
#.#.####.##..#...#####.#### ##
#.#.# #.##..#............. .#
#.#.# #.....##..#####.#### ##
#.#.# #####.##..# #.#
#######.#.###########..#####.####
.(...)..........@5.......).......
#######.#.###########..#####.####
#................# #.#
#.#.############.##########
#.#........................
#.##############........... #.#
#.########## #.# #.# ### ###


You could see Grinder.

Vanquished Creatures
  An ogre (D:3)
  2 orc priests
  A worker ant zombie (D:3)
  5 adders
  An ooze (D:2)
  4 worms
  A dart slug (D:1)
  3 leopard geckos
  6 orcs
  2 ball pythons
  4 bats
  5 giant cockroaches
  8 goblins
  11 hobgoblins
  3 jackals
  8 kobolds
  A quokka (D:2)
  A frilled lizard (D:3)
  8 rats
75 creatures vanquished.

Notes
Turn   | Place    | Note
-------+----------+-------------------------------------------
     0 | D:1      | Htamos the Centaur Wizard began the quest for the Orb.
     0 | D:1      | Reached XP level 1. HP: 14/14 MP: 3/3
   475 | D:1      | Reached skill level 1 in Conjurations
   791 | D:1      | Reached XP level 2. HP: 20/20 MP: 1/5
  1740 | D:2      | Reached skill level 3 in Spellcasting
  1968 | D:2      | Reached XP level 3. HP: 20/26 MP: 3/7
  2609 | D:2      | Noticed Terence
  3018 | D:2      | Reached XP level 4. HP: 33/33 MP: 5/9
  3529 | D:2      | Noticed Terence
  3529 | D:2      | Terence changed into Terence the giant cockroach
  3536 | D:2      | Killed Terence the giant cockroach
  4034 | D:3      | Noticed a wolf
  4034 | D:3      | an orc priest changed into a wolf
  4065 | D:3      | Noticed a wyvern
  4065 | D:3      | a wolf changed into a wyvern
  4066 | D:3      | Noticed an ogre
  4066 | D:3      | a wyvern changed into an ogre
  4097 | D:3      | Noticed Grinder
  4350 | D:3      | Found an ancient bone altar of Kikubaaqudgha.
  4469 | D:3      | Learned a level 2 spell: Blink
  4473 | D:3      | Learned a level 3 spell: Conjure Flame
  4484 | D:2      | Learned a level 3 spell: Mephitic Cloud
  4508 | D:3      | Paralysed by Grinder for 3 turns
  4519 | D:3      | Paralysed by Grinder for 5 turns
  5348 | D:3      | Reached XP level 5. HP: 37/38 MP: 4/10
  5698 | D:3      | Killed an ogre
  5698 | D:3      | Reached skill level 4 in Spellcasting
  5883 | D:3      | Found a hazy altar of Hepliaklqana.
  6272 | D:3      | Paralysed by Grinder for 6 turns
  6490 | D:4      | Reached XP level 6. HP: 45/45 MP: 5/12
  6531 | D:3      | Paralysed by Grinder for 5 turns
  6644 | D:3      | HP: 2/45 [Grinder/nerve-wracking pain (13)]
  6662 | D:3      | Paralysed by Grinder for 6 turns
  6666 | D:3      | Mangled by Grinder

Skill      XL: |  1  2  3  4  5 |
---------------+----------------+-----
Conjurations   | 1 2 3 |  3.1
Spellcasting   | 3 4 |  4.6
Dodging        | |  1.4
Stealth        | |  1.1
Summonings     | |  0.8
Translocations | |  0.8

Action                   |  1- 3 |  4- 6 || total
-------------------------+-------+-------++-------
Melee: Unarmed           |    11 |       ||    11
       Dagger            |    27 |    83 ||   110
       Kick              |     7 |    14 ||    21
       Club              |     2 |       ||     2
 Cast: Magic Dart        |   105 |   190 ||   295
       Blink             |       |     1 ||     1
Evoke: Wand              |       |     9 ||     9
  Use: Scroll            |     7 |       ||     7
       Potion            |       |     4 ||     4
  Eat: Chunk             |     5 |     9 ||    14
Armor: Robe              |    16 |    32 ||    48
Dodge: Dodged            |    34 |    68 ||   102
